 Dungeon Crawl Stone Soup version 0.27-a0-1256-gced786f65e (webtiles) character file.

Game seed: 4889727716680996668

275 nitastar the Chiller (level 6, -22/44 HPs)
             Began as a Gnoll Ice Elementalist on June 11, 2021.
             Was a Follower of the Shining One.
             Annihilated by an ogre
             ... wielding a +0 giant club
              (25 damage)
             ... on level 4 of the Dungeon.
             The game lasted 00:32:37 (3141 turns).

nitastar the Chiller (Gnoll Ice Elementalist)       Turns: 3141, Time: 00:32:38

Health: -22/44     AC:  3    Str:  9    XL:     6   Next: 25%
Magic:  14/14      EV: 17    Int: 14    God:    the Shining One [*.....]
Gold:   122        SH:  0    Dex: 13    Spells: 11/15 levels left

rFire    . . .     SeeInvis .   b - +1 hand axe
rCold    . . .     Faith    .   (no shield)
rNeg     . . .     Spirit   .   a - +1 robe
rPois    .         Reflect  .   (no helmet)
rElec    .         Harm     .   (no cloak)
rCorr    .         Rampage  .   (no gloves)
Will     .....                  (no boots)
Stlth    +.........             (no amulet)
HPRegen  0.14/turn              h - +4 ring of evasion
MPRegen  0.14/turn              (no ring)

@: glowing
A: fangs 1, strong nose, distributed training
a: Renounce Religion


You were on level 4 of the Dungeon.
You worshipped the Shining One.
The Shining One was aware of your devotion.
You visited 1 branch of the dungeon, and saw 4 of its levels.

You collected 122 gold pieces.

Inventory:

Hand Weapons
 b - a +1 hand axe (weapon)
 e - a +0 short sword
 g - a +0 mace
 m - a +0 hunting sling
 o - a +0 dagger of electrocution
Missiles
 d - 13 sling bullets
 k - 28 arrows
 l - 92 stones
Armour
 a - a +1 robe (worn)
Jewellery
 h - a +4 ring of evasion (left hand)
Scrolls
 c - a scroll of enchant armour
 j - 2 scrolls of enchant weapon
 p - a scroll of identify {unknown}
Potions
 f - a potion of might
 i - a potion of mutation {unknown}
 n - a potion of degeneration {unknown}


   Skills:
 + Level 1.8 Fighting
 + Level 1.8 Short Blades
 + Level 1.8 Long Blades
 + Level 1.8 Axes
 + Level 1.8 Maces & Flails
 + Level 1.8 Polearms
 + Level 1.8 Staves
 + Level 1.8 Slings
 + Level 1.8 Bows
 + Level 1.8 Crossbows
 + Level 1.8 Throwing
 + Level 1.8 Armour
 + Level 4.9 Dodging
 + Level 4.5 Stealth
 + Level 1.8 Shields
 + Level 1.8 Unarmed Combat
 + Level 5.3 Spellcasting
 + Level 1.4 Conjurations
 + Level 1.4 Hexes
 + Level 1.4 Summonings
 + Level 1.4 Necromancy
 + Level 1.4 Translocations
 + Level 1.4 Transmutations
 + Level 1.4 Fire Magic
 + Level 7.2 Ice Magic
 + Level 1.4 Air Magic
 + Level 1.4 Earth Magic
 + Level 1.4 Poison Magic
 + Level 2.0 Invocations
 + Level 1.8 Evocations


You had 11 spell levels left.
You knew the following spells:

 Your Spells              Type           Power      Damage    Failure   Level
a - Freeze                Ice            96%        1d11      1%          1
b - Frozen Ramparts       Ice            48%        1d6       2%          3

Your spell library contained the following spells:

 Spells                   Type           Power      Damage    Failure   Level
 Ozocubu's Armour         Ice            24%        N/A       2%          3
 Animate Skeleton         Necr           14%        N/A       10%         1
 Pain                     Necr           28%        1d5       10%         1
 Confusing Touch          Hex            7%         N/A       28%         3
 Gell's Gravitas          Tloc           3%         N/A       28%         3
 Vampiric Draining        Necr           3%         2d6       28%         3
 Hailstorm                Conj/Ice       15%        3d5       28%         4
 Metabolic Englaciation   Hex/Ice        7%         N/A       61%         5
 Animate Dead             Necr           3%         N/A       67%         4
 Petrify                  Tmut/Erth      7%         N/A       67%         4
 Agony                    Necr           7%         N/A       95%         5
 Yara's Violent Unravell  Hex/Tmut       3%         3d4       95%         5


Dungeon Overview and Level Annotations

Branches:
Dungeon (4/15)
 Temple: D:4-7

Altars:
Qazlal
The Shining One


Innate Abilities, Weirdness & Mutations

You have very sharp teeth.
Your uncanny sense of smell can sniff out nearby items.
Your experience applies equally to all skills.


Message History

You hit the adder skeleton.
The adder skeleton is almost destroyed.
The adder skeleton bites you but does no damage.
You barely miss the adder skeleton.
The adder skeleton is almost destroyed.
The adder skeleton barely misses you.
You hit the adder skeleton.
You destroy the adder skeleton!
The Shining One accepts your kill.
Found an escape hatch in the floor.
Found a cloak.
An ogre comes into view. It is wielding a +0 giant club.
The ogre shouts!
You hit the ogre.
The ogre is lightly wounded.
The ogre barely misses you.
You hit the ogre.
The ogre is lightly wounded.
The ogre hits you with a +0 giant club.
You hit the ogre.
The ogre is moderately wounded.
The ogre hits you with a +0 giant club!
You hit the ogre.
The ogre is heavily wounded.
The ogre misses you.
You hit the ogre.
The ogre is heavily wounded.
The ogre barely misses you.
You hit the ogre.
The ogre is severely wounded.
You hit the ogre.
The ogre is severely wounded.
The ogre hits you with a +0 giant club!!
Ouch! That really hurt!
* * * LOW HITPOINT WARNING * * *
You hit the ogre but do no damage.
The ogre is severely wounded.
The ogre hits you with a +0 giant club!!
Ouch! That really hurt!
You die...

#.# #.#
##.# #..##
#...##
#....##
#.....#
#.....#
#.@...#
#.O...#
#.....#
........
..[....###
.....####
....###
....#


You could see an ogre.

Vanquished Creatures
  Sigmund (D:2)
  An orc priest (D:3)
  3 adders
  An adder skeleton (D:4)
  A dart slug (D:2)
  3 orcs
  5 ball pythons (D:1)
  8 bats
  2 endoplasms (D:1)
  3 giant cockroaches
  2 goblins
  2 hobgoblins
  2 jackals (D:1)
  4 kobolds
  4 quokkas
  2 frilled lizards (D:1)
  3 rats
47 creatures vanquished.

Notes
Turn   | Place    | Note
-------+----------+-------------------------------------------
     0 | D:1      | nitastar the Gnoll Ice Elementalist began the quest for the
                  | Orb.
     0 | D:1      | Reached XP level 1. HP: 13/13 MP: 6/6
   108 | D:1      | Reached XP level 2. HP: 7/19 MP: 0/7
   314 | D:1      | Found a faded altar of an unknown god.
   318 | D:1      | Became a worshipper of the Shining One
   318 | D:1      | Reached * piety under the Shining One
   679 | D:1      | Reached XP level 3. HP: 18/25 MP: 9/9
   912 | D:2      | Reached skill level 5 in Spellcasting
  1165 | D:2      | Reached skill level 1 in Invocations
  1234 | D:2      | Found a stormy altar of Qazlal.
  1578 | D:2      | Noticed Sigmund
  1643 | D:2      | Killed Sigmund
  1644 | D:2      | Reached skill level 1 in Fighting
  1644 | D:2      | Reached skill level 1 in Short Blades
  1644 | D:2      | Reached skill level 1 in Long Blades
  1644 | D:2      | Reached skill level 1 in Axes
  1644 | D:2      | Reached skill level 1 in Maces & Flails
  1644 | D:2      | Reached skill level 1 in Polearms
  1644 | D:2      | Reached skill level 1 in Staves
  1644 | D:2      | Reached skill level 1 in Slings
  1644 | D:2      | Reached skill level 1 in Bows
  1644 | D:2      | Reached skill level 1 in Crossbows
  1644 | D:2      | Reached skill level 1 in Throwing
  1644 | D:2      | Reached skill level 1 in Armour
  1644 | D:2      | Reached skill level 1 in Shields
  1644 | D:2      | Reached skill level 1 in Unarmed Combat
  1644 | D:2      | Reached skill level 1 in Conjurations
  1644 | D:2      | Reached skill level 1 in Hexes
  1644 | D:2      | Reached skill level 1 in Summonings
  1644 | D:2      | Reached skill level 1 in Necromancy
  1644 | D:2      | Reached skill level 1 in Translocations
  1644 | D:2      | Reached skill level 1 in Transmutations
  1644 | D:2      | Reached skill level 1 in Fire Magic
  1644 | D:2      | Reached skill level 1 in Air Magic
  1644 | D:2      | Reached skill level 1 in Earth Magic
  1644 | D:2      | Reached skill level 1 in Poison Magic
  1644 | D:2      | Reached skill level 1 in Evocations
  1644 | D:2      | Reached XP level 4. HP: 27/33 MP: 4/11
  1644 | D:2      | Reached XP level 5. HP: 31/38 MP: 4/12
  1842 | D:2      | Learned a level 3 spell: Frozen Ramparts
  2198 | D:3      | Reached XP level 6. HP: 40/44 MP: 10/13
  3141 | D:4      | Annihilated by an ogre

Illustrated notes

Levels and vault maps discovered:
D:1:      evilmike_arrival_home_sweet_home, layout_rooms,
          shapermc_ecumenical_altar_mp_vishouse
D:2:      layout_basic, basic_altar, uniq_sigmund
D:3:      layout_basic
D:4:      layout_cave_pods

Skill      XL: |  1  2  3  4  5  6 |
---------------+-------------------+-----
Spellcasting   | 5 |  5.3
Invocations    | 1 2 |  2.0
Fighting       | 1 |  1.8
Short Blades   | 1 |  1.8
Long Blades    | 1 |  1.8
Axes           | 1 |  1.8
Maces & Flails | 1 |  1.8
Polearms       | 1 |  1.8
Staves         | 1 |  1.8
Slings         | 1 |  1.8
Bows           | 1 |  1.8
Crossbows      | 1 |  1.8
Throwing       | 1 |  1.8
Armour         | 1 |  1.8
Shields        | 1 |  1.8
Unarmed Combat | 1 |  1.8
Conjurations   | 1 |  1.4
Hexes          | 1 |  1.4
Summonings     | 1 |  1.4
Necromancy     | 1 |  1.4
Translocations | 1 |  1.4
Transmutations | 1 |  1.4
Fire Magic     | 1 |  1.4
Air Magic      | 1 |  1.4
Earth Magic    | 1 |  1.4
Poison Magic   | 1 |  1.4
Evocations     | 1 |  1.8
Dodging        | |  4.9
Stealth        | |  4.5
Ice Magic      | |  7.2

Action                   |  1- 3 |  4- 6 || total
-------------------------+-------+-------++-------
Melee: Unarmed           |     6 |       ||     6
       Hand axe          |    77 |    53 ||   130
       Bite              |     5 |     1 ||     6
       Punch             |       |     2 ||     2
 Cast: Freeze            |    28 |     4 ||    32
       Frozen Ramparts   |       |     2 ||     2
  Use: Scroll            |     2 |       ||     2
       Potion            |     2 |       ||     2
Armor: Robe              |    30 |     9 ||    39
Dodge: Dodged            |   136 |    53 ||   189

Table legend: (Time is in decaauts)
 A = Elapsed time spent in this place.
 B = Non-inter-level travel time spent in this place.
 C = Inter-level travel time spent in this place.
 D = Time resting spent in this place.
 E = Time spent auto-exploring this place.
 F = Levels seen in this place.
 G = Mean time per level.
                   A        B        C        D        E       F      G
               +--------+--------+--------+--------+--------+-----+--------+
         Total |   3173 |   3093 |     80 |      0 |     94 |   4 |  793.2 |
       Dungeon |   3173 |   3093 |     80 |      0 |     94 |   4 |  793.2 |
               +--------+--------+--------+--------+--------+-----+--------+

Top non-repeatable levels by time:
     D:2: 1175 daAuts
     D:3: 1005 daAuts
     D:1: 890 daAuts
     D:4: 102 daAuts
